 Dungeon Crawl Stone Soup version 0.31-a0-236-g9a0961fb85 (webtiles) character file.

Game seed: 17184058792710234152

390851 Shard1697 the Impregnable (level 24, -9/223 (228) HPs)
             Began as a Meteoran Berserker on July 10, 2023.
             Was the Champion of Trog.
             Mangled by a tentacled monstrosity (14 damage)
             ... on level 1 of the Realm of Zot.
             The game lasted 01:46:55 (21004 turns).

Shard1697 the Impregnable (Meteoran Berserker)     Turns: 21004, Time: 01:46:56

HP:   -9/223 (228)  AC: 39    Str: 27      XL:     24   Next: 95%
MP:   1/24          EV: 19    Int:  3 (6)  God:    Trog [******]
Gold: 2090          SH:  0    Dex: 25      Spells: 23/23 levels left

rFire   + . .        a - +12 glaive of Prune {freeze, Prune}
rCold   + . .        (shield currently unavailable)
rNeg    . . .        G - +9 chain mail of Fun {Drain rF++}
rPois   +            c - +2 helmet
rElec   .            Q - +2 cloak {Will+}
rCorr   .            D - +0 pair of fencer's gloves {Riposte Dex+3}
SInv    +            O - +1 pair of boots of Quantum Leap {rPois Int-2 Dex+6 Stlth+}
Will    ++++.        k - amulet of faith
Stlth   +            U - ring of ice
HPRegen 0.57/turn    C - ring "Ziam" {Int-4 Slay+4 SInv}
MPRegen 0.19/turn

%: faith
@: about to teleport, on berserk cooldown, slowed, glowing, constricted, lightly
drained, very slow
A: sense surroundings 3, otherworldly, glowing, explore regen
}: 3/15 runes: serpentine, barnacled, silver
a: Renounce Religion, Berserk, Trog's Hand, Brothers in Arms


You were on level 1 of the Realm of Zot.
You worshipped Trog.
Trog was exalted by your worship.
You visited 8 branches of the dungeon, and saw 40 of its levels.
You also visited: Ossuary, Ice Cave and Volcano.

You collected 4379 gold pieces.
You spent 2289 gold pieces at shops.

Inventory:

Hand Weapons
 a - the +12 glaive of Prune (weapon) {freeze, Prune}
   (You found it on level 5 of the Dungeon)

   Prune:     It halves damage taken while paralysed, petrified or unconscious.
 b - a +2 bardiche of flaming
 M - the +8 frozen axe "Frostbite" {freeze, freezing cloud, *Noise Fly rC+}
   (Trog gifted it to you on level 15 of the Dungeon)

   rC:        It protects you from cold.
   Fly:       It grants you flight.
   *Noise:    It may make noises in combat.
Missiles
 T - 2 throwing nets
Armour
 c - a +2 helmet (worn)
 q - a +3 plate armour of cold resistance
 D - the +0 pair of fencer's gloves (worn) {Riposte Dex+3}
   (You found it on level 5 of the Vaults)

   Riposte:   It allows the wearer to riposte with melee weapons, swiftly
   retaliating against missed or blocked melee attacks.
   Dex:       It affects your dexterity (+3).
 G - the +9 chain mail of Fun (worn) {Drain rF++}
   (You found it on level 13 of the Dungeon)

   rF:        It greatly protects you from fire.
   Drain:     It drains your maximum health when unequipped.
 O - the +1 pair of boots of Quantum Leap (worn) {rPois Int-2 Dex+6 Stlth+}
   (You bought it in a shop on level 2 of the Orcish Mines)

   Int:       It affects your intelligence (-2).
   Dex:       It affects your dexterity (+6).
   rPois:     It protects you from poison.
   Stlth:     It makes you more stealthy.
 Q - a +2 cloak of willpower (worn)
Jewellery
 k - an amulet of faith (around neck)
 o - a ring of positive energy
 r - a ring of poison resistance
 t - a ring of resist corrosion
 A - the amulet of Lempel {Regen+ Str+2}
   (You found it on level 4 of the Vaults)

   [amulet of regeneration]

   Str:       It affects your strength (+2).
   Regen:     It increases your rate of health regeneration.
 C - the ring "Ziam" (right hand) {Int-4 Slay+4 SInv}
   (You found it on level 10 of the Dungeon)

   [ring of see invisible]

   Int:       It affects your intelligence (-4).
   Slay:      It affects your accuracy & damage with ranged weapons and melee
   (+4).
   SInv:      It lets you see invisible.
 L - a +5 ring of evasion
 U - a ring of ice (left hand)
Wands
 g - a wand of polymorph (15)
 u - a wand of mindburst (16)
 y - a wand of digging (2)
 z - a wand of flame (42)
 W - a wand of roots (7)
 Y - a wand of charming (9)
Scrolls
 h - 4 scrolls of enchant weapon
 i - 11 scrolls of teleportation
 m - 6 scrolls of vulnerability
 s - a scroll of revelation
 x - a scroll of fog
 E - 21 scrolls of identify
 F - 3 scrolls of poison
 K - a scroll of fear
 R - 4 scrolls of silence
 S - 3 scrolls of brand weapon
Potions
 d - 5 potions of might
 e - 20 potions of curing
 f - 3 potions of attraction
 j - 2 potions of enlightenment
 l - 8 potions of lignification
 n - 3 potions of berserk rage
 p - 7 potions of mutation
 I - 3 potions of magic
 J - 3 potions of cancellation
 N - 4 potions of resistance
 P - 2 potions of haste
Miscellaneous
 v - a lightning rod (4/4)
 H - a sack of spiders
 V - a tin of tremorstones (2/2)
 Z - a phantom mirror


   Skills:
 + Level 21.2 Fighting
 - Level 9.2(17.6) Axes
 - Level 23.2(23.8) Polearms
 - Level 24.3 Armour
 - Level 16.1 Dodging
 - Level 5.0 Stealth
 + Level 19.7 Evocations


You had 23 spell levels left.
You didn't know any spells.
Your spell library was empty.

Dungeon Overview and Level Annotations

Branches:
Dungeon (15/15) Zot: 628   Temple (0/1) D:7            Lair (5/5) D:8 Zot: 1044
 Shoals (4/4) Lair:3 Zot: 685   Snake (4/4) Lair:2 Zot: 188   Slime (0/5) Lair:5
    Orc (2/2) D:11 Zot: 393     Elf (0/3) Orc:2        Vaults (5/5) D:14 Zot: 78
 Depths (4/4) D:15 Zot: 646     Zot (1/5) Depths:4 Zot: 589 Ossuary (visited)
  IceCv (visited)         Volcano (visited)
  Crypt: Vaults:2-3

Altars:
Ashenzari
Cheibriados
Dithmenos
Elyvilon
Fedhas
Gozag
Hepliaklqana
Kikubaaqudgha
Makhleb
Nemelex Xobeh
Okawaru
Qazlal
Ru
Trog
Uskayaw
Vehumet
Wu Jian
Xom
Yredelemnul
Zin
The Shining One

Shops:
D:11 (   Orc:2 =![**   Shoals:4 [   Snake:3 ?   Snake:4 **

Portals:
Hell: Depths:1 Depths:3 Depths:4
Abyss: Depths:3
Pandemonium: Depths:2 Depths:4
Ziggurat: Depths:4

Annotations:
D:12 3 runed translucent doors, innerfire43's ghost, novice DsMo
D:15 Roxanne


Innate Abilities, Weirdness & Mutations

You passively map a large area around you.
You are easily found by Zot.
You glow in the dark.
You regain HP and MP as you explore.


Message History

The shadow dragon completely misses you.
You riposte.
You hit the shadow dragon but do no damage.
The shadow dragon closely misses you.
The shadow dragon claws you but does no damage.
The death cob hits you but does no damage.
The quicksilver dragon closely misses you.
The quicksilver dragon misses you.
The tentacled monstrosity barely misses you.
The tentacled monstrosity completely misses you.
The tentacled monstrosity tentacle-slaps you but does no damage.
The tentacled monstrosity tentacle-slaps you!
* * * LOW HITPOINT WARNING * * *
The tentacled monstrosity completely misses you.
The tentacled monstrosity tentacle-slaps you but does no damage.
The tentacled monstrosity constricts you.
The moth of wrath goads the black draconian on!
The black draconian goes berserk!
The moth of wrath goads the storm dragon on!
The storm dragon goes berserk!
The ghost moth closely misses you.
The ghost moth hits you but does no damage.
The ghost moth stings you but does no damage.
The shadow dragon misses you. The shadow dragon claws you.
* * * LOW HITPOINT WARNING * * *
The shadow dragon claws you!
* * * LOW HITPOINT WARNING * * *
The death cob hits you but does no damage.
The tentacled monstrosity tentacle-slaps you but does no damage.
The tentacled monstrosity tentacle-slaps you!
* * * LOW HITPOINT WARNING * * *
The tentacled monstrosity tentacle-slaps you but does no damage.
The death cob misses you.
The quicksilver dragon bites you but does no damage.
The quicksilver dragon claws you!
* * * LOW HITPOINT WARNING * * *
The tentacled monstrosity tentacle-slaps you!
* * * LOW HITPOINT WARNING * * *
The tentacled monstrosity tentacle-slaps you but does no damage.
The tentacled monstrosity tentacle-slaps you!
You die...

, .........## ,
,, ,
.........###, ,,
, * *
*#..........# ,
**
####...........
* , ,
......dy.......
, ,
*....^§§§§.....?
**
#...dyDDD>.... *
, * * *
*#..§DXzDD....
,*
.....zz@X8y....
, * * ,,
...!.§yXDzD⌠...,
,,, ,,
##|..§yyyD.....
, ** ,
##............
,,
,.........$....,
* ,
...............
*, , *
####..........#
, * ** *
##...##...##, ,
, , , ,


You could see 2 shadow dragons, 3 tentacled monstrosities, 2 golden dragons, 2
storm dragons, a black draconian (berserk), 4 death cobs, 3 quicksilver dragons,
a ghost moth (invisible) and 5 moths of wrath.

Vanquished Creatures
  An ancient lich (Vaults:5)
  Mara (Shoals:3)
  2 juggernauts (Depths:3)
  Saint Roka (Snake:4)
  7 golden dragons
  A bone dragon (Depths:4)
  3 tentacled monstrosities
  2 liches (Depths:3)
  Rupert (D:14)
  Mlioglotl (Shoals:2)
  A walking crystal tome (Depths:3)
  2 titans
  A walking earthen tome (Depths:3)
  4 walking divine tomes
  A kraken (Shoals:1)
  6 sphinxes
  5 storm dragons
  Agnes (D:15)
  Kirke (Snake:4)
  4 shadow dragons (Vaults:5)
  4 fire giants
  Ilsuiw (Shoals:3)
  4 tengu reavers
  A draconian scorcher (Depths:4)
  2 iron dragons (Depths:3)
  4 frost giants
  A draconian shifter (Depths:4)
  13 vault wardens
  An orc warlord (Orc:1)
  3 ironbound thunderhulks
  2 war gargoyles
  4 formless jellyfish
  6 very ugly things
  6 stone giants
  A spriggan defender (Depths:3)
  8 ironbound preservers
  Nessos (D:14)
  3 deep elf demonologists (Vaults:5)
  2 green draconians (Depths:4)
  A red draconian (Volcano)
  2 white draconians (Depths:4)
  A purple draconian (Depths:4)
  A yellow draconian (Depths:4)
  6 spark wasps
  12 merfolk impalers
  2 deep elf death magi (Vaults:5)
  A crystal guardian (Vaults:4)
  4 merfolk javelineers
  An entropy weaver (shapeshifter) (D:14)
  11 ettins
  A blizzard demon (Depths:4)
  8 fire dragons
  3 great orbs of eyes
  9 yaktaur captains
  4 salamander tyrants
  An entropy weaver (Vaults:2)
  2 hydras
  2 deep elf high priests (Vaults:5)
  A rakshasa (Depths:1)
  10 ice dragons
  20 vault guards
  3 spriggan air magi (Depths:4)
  A peacekeeper (Vaults:4)
  5 catoblepae
  A hell beast (Depths:4)
  3 ironbound frosthearts
  11 anacondas
  5 boulder beetles
  An anaconda (shapeshifter) (Depths:2)
  5 centaur warriors
  3 merfolk avatars
  11 tengu warriors
  4 ogre magi
  12 two-headed ogres
  17 death yaks
  3 merfolk aquamancers
  Erica (D:9)
  7 naga warriors
  An orc high priest (Orc:1)
  A vampire mage (D:13)
  5 deep troll shamans
  An alligator snapping turtle (Shoals:3)
  3 spriggan berserkers
  5 deep troll earth magi
  6 shock serpents
  20 hell knights
  15 naga sharpshooters
  2 soul eaters (Depths:2)
  A deep elf knight (Vaults:5)
  2 iron trolls (Depths:3)
  5 salamander mystics
  A skyshark (Shoals:3)
  2 sea snakes
  A flayed ghost (Depths:3)
  2 glowing orange brains
  4 naga ritualists
  30 deep trolls
  6 wizards
  12 ironbound convokers
  A bog body (IceCv)
  5 orc knights
  11 lindwurms
  6 necromancers
  5 phantasmal warriors (Vaults:5)
  2 deep elf zephyrmancers
  4 mana vipers
  22 harpies
  2 deep elf pyromancers
  23 ugly things
  5 orc sorcerers
  2 fauns
  12 manticores
  6 merfolk sirens
  2 cyclopes (Shoals:4)
  13 salamanders
  6 guardian serpents
  An ice statue (IceCv)
  19 elephants
  A centaur zombie (D:15)
  22 black mambas
  8 vault sentinels
  4 water nymphs
  3 naga magi
  A gargoyle (D:10)
  5 kobold demonologists
  12 cane toads
  Psyche (D:8)
  19 yaktaurs
  2 efreet
  5 komodo dragons
  3 tengu conjurers (Depths:3)
  3 rime drakes
  An anaconda simulacrum (IceCv)
  3 freezing wraiths (Vaults:5)
  7 trolls
  An ice devil (Depths:2)
  5 wind drakes
  32 merfolk
  2 polar bears (Lair:3)
  Grinder (D:4)
  6 dream sheep (Lair:3)
  3 blink frogs (Lair:2)
  5 snapping turtles
  A dream sheep (shapeshifter) (Depths:3)
  13 slime creatures
  2 shadows (D:11)
  A wyvern (D:10)
  5 wraiths
  A vampire (D:10)
  A fire elemental (Lair:5)
  34 yaks
  11 water elementals
  5 basilisks
  15 humans (D:14)
  5 hogs (Snake:4)
  3 steam dragons
  2 golden eyes (shapeshifter)
  A redback (Vaults:2)
  7 wargs
  4 vampire mosquitoes (D:12)
  A harpy simulacrum (IceCv)
  21 nagas
  A two-headed ogre zombie (D:11)
  Duvessa (D:5)
  2 acid dragons (D:8)
  9 water moccasins
  A floating eye (shapeshifter) (Depths:2)
  2 ice beasts (D:6)
  35 orc warriors
  A sky beast (D:8)
  2 black bears
  18 centaurs
  24 wolves
  9 ogres
  3 phantoms
  Blork the orc (D:5)
  5 kobold brigands
  14 bullfrogs
  A gnoll sergeant (D:9)
  4 scorpions
  10 two-headed ogre simulacra (IceCv)
  4 cane toad simulacra (IceCv)
  5 wights (D:8)
  Dowan (D:5)
  2 hornet simulacra (D:15)
  2 troll zombies (D:11)
  3 elephant simulacra (IceCv)
  10 killer bees
  2 electric eels
  3 howler monkeys
  3 hounds
  A gnoll bouda (D:5)
  14 orc priests
  Crazy Yiuf (D:3)
  A sleepcap (D:5)
  6 iguanas
  19 orc wizards
  Ijyb (D:3)
  Natasha (twice) (D:2)
  9 spriggan simulacra (IceCv)
  7 troll simulacra (IceCv)
  2 polar bear simulacra (IceCv)
  5 wolf simulacra (IceCv)
  5 ogre zombies (D:11)
  9 mummies
  Robin (D:4)
  6 adders
  7 gnolls
  3 naga simulacra (IceCv)
  16 white imps
  4 ufetubi
  A worm (D:2)
  2 dart slugs
  70 orcs
  11 endoplasms
  2 giant cockroaches
  2 gnoll zombies (Ossuary)
  16 goblins
  8 hobgoblins
  4 jackals (D:2)
  32 kobolds
  A quokka (D:3)
  11 ball pythons
  4 bats
  8 frilled lizards
  2 goblin skeletons (D:11)
  3 goblin zombies (D:11)
  3 hobgoblin zombies (Ossuary)
  A kobold zombie (Ossuary)
  3 orc skeletons (D:11)
  18 orc zombies
  5 rats
1373 creatures vanquished.

Vanquished Creatures (collateral kills)
  Vashnia (Snake:2)
  A caustic shrike (Depths:3)
  A golden dragon (Depths:3)
  A titan (Vaults:5)
  3 sphinxes
  A tengu reaver (Vaults:5)
  2 shadow dragons (Vaults:5)
  A frost giant (Shoals:4)
  A nagaraja (Snake:4)
  A fire giant (Vaults:5)
  5 vault wardens (Vaults:5)
  An ironbound preserver (Vaults:5)
  A very ugly thing (Depths:3)
  A war gargoyle (Vaults:5)
  A yaktaur captain (Vaults:5)
  A merfolk impaler (Shoals:4)
  A rakshasa (Depths:3)
  3 vault guards (Vaults:5)
  2 merfolk aquamancers (Shoals:4)
  4 anacondas (Snake:4)
  A two-headed ogre (Vaults:5)
  A tengu warrior (D:15)
  A shock serpent (Snake:2)
  A naga sharpshooter (Snake:2)
  2 hell knights (Vaults:5)
  A deep troll (Depths:1)
  An iron troll (Depths:1)
  An ironbound convoker (Vaults:5)
  An orb spider (shapeshifter) (Vaults:5)
  A deep elf archer (Vaults:5)
  A glowing orange brain (Depths:3)
  A salamander (Snake:2)
  A mana viper (Snake:4)
  An ugly thing (Depths:3)
  A guardian serpent (Snake:4)
  2 vault sentinels (Vaults:5)
  A black mamba (Snake:2)
  3 yaktaurs (Vaults:5)
  A human (D:14)
56 creatures vanquished.

Vanquished Creatures (others)
  A fire giant (Depths:3)
  A shock serpent (Snake:2)
  A bog body (IceCv)
  A harpy (D:15)
  An orc wizard (D:5)
  3 orcs
8 creatures vanquished.

Grand Total: 1437 creatures vanquished

Notes
Turn   | Place    | Note
-------+----------+-------------------------------------------
     0 | D:1      | Shard1697 the Meteoran Berserker began the quest for the
                  | Orb.
     0 | D:1      | Reached XP level 1. HP: 19/19 MP: 2/2
    73 | D:1      | Reached XP level 2. HP: 26/26 MP: 3/3
   246 | D:1      | Reached XP level 3. HP: 31/31 MP: 4/4
   277 | D:1      | Reached ** piety under Trog
   278 | D:1      | Reached skill level 5 in Axes
   492 | D:2      | Noticed Natasha
   497 | D:2      | Killed Natasha
   498 | D:2      | Reached XP level 4. HP: 38/38 MP: 5/5
   639 | D:2      | Reached XP level 5. HP: 42/45 MP: 6/6
   750 | D:3      | Found a bloodstained altar of Trog.
   777 | D:3      | Noticed Ijyb
   785 | D:3      | Killed Ijyb
   875 | D:3      | Reached XP level 6. HP: 25/52 MP: 7/7
   919 | D:3      | Found a burning altar of Makhleb.
  1023 | D:2      | Noticed Natasha
  1036 | D:2      | Killed Natasha
  1057 | D:2      | Reached *** piety under Trog
  1145 | D:3      | Found an ancient bone altar of Kikubaaqudgha.
  1190 | D:3      | Found a snail-covered altar of Cheibriados.
  1257 | D:3      | Found a runed translucent door.
  1258 | D:3      | Noticed Crazy Yiuf
  1264 | D:3      | Killed Crazy Yiuf
  1347 | D:4      | Reached XP level 7. HP: 48/60 MP: 8/8
  1362 | D:4      | Noticed Robin
  1376 | D:4      | Reached skill level 5 in Fighting
  1377 | D:4      | Killed Robin
  1630 | D:4      | Noticed Grinder
  1655 | D:4      | Killed Grinder
  1656 | D:4      | Reached XP level 8. HP: 52/70 MP: 9/9
  1760 | D:4      | Found a broken altar of Ashenzari.
  1796 | D:5      | Entered Level 5 of the Dungeon
  1797 | D:5      | Noticed Blork the orc
  1797 | D:5      | Found a sparkling altar of Nemelex Xobeh.
  1841 | D:5      | Killed Blork the orc
  1862 | D:5      | Found the +12 glaive of Prune {freeze, Prune}
  1863 | D:5      | Found a hide-covered altar of Uskayaw.
  1906 | D:5      | Reached skill level 1 in Polearms
  1945 | D:5      | Found a sand-covered staircase.
  1954 | Ossuary  | Entered an ossuary
  1973 | Ossuary  | Reached **** piety under Trog
  2163 | D:5      | Noticed Duvessa
  2173 | D:5      | Noticed Dowan
  2178 | D:5      | Gained mutation: You passively map the area around you.
                  | [Meteoran growth]
  2178 | D:5      | Reached XP level 9. HP: 74/79 MP: 10/10
  2181 | D:5      | Reached skill level 5 in Polearms
  2184 | D:5      | Killed Duvessa
  2206 | D:5      | Killed Dowan
  2301 | D:6      | Found a radiant altar of Vehumet.
  2301 | D:6      | Found a sacrificial altar of Ru.
  2301 | D:6      | Found a blossoming altar of Fedhas.
  2326 | D:6      | Found an opulent altar of Gozag.
  2527 | D:6      | Reached XP level 10. HP: 86/86 MP: 11/11
  2566 | D:6      | Reached skill level 10 in Polearms
  2664 | D:6      | Found a glowing silver altar of Zin.
  2664 | D:6      | Found a glowing golden altar of the Shining One.
  2664 | D:6      | Found a white marble altar of Elyvilon.
  2755 | D:7      | Found a staircase to the Ecumenical Temple.
  3073 | D:7      | Found an iron altar of Okawaru.
  3117 | D:7      | Found an ornate altar of the Wu Jian Council.
  3194 | D:7      | Found a basalt altar of Yredelemnul.
  3310 | D:8      | Reached ***** piety under Trog
  3334 | D:8      | Found a stormy altar of Qazlal.
  3335 | D:8      | Noticed Psyche
  3354 | D:8      | Killed Psyche
  3505 | D:8      | Found a staircase to the Lair.
  3550 | D:8      | Reached XP level 11. HP: 35/96 MP: 12/12
  3901 | D:9      | Found a shadowy altar of Dithmenos.
  3901 | D:9      | Noticed Erica
  4152 | D:9      | Killed Erica
  4153 | D:9      | Reached skill level 10 in Fighting
  4307 | D:10     | Entered Level 10 of the Dungeon
  4346 | D:10     | Found a hazy altar of Hepliaklqana.
  4347 | D:10     | Found a shimmering altar of Xom.
  4348 | D:10     | Noticed a centaur warrior
  4667 | D:10     | Identified the ring "Ziam" {Int-4 Slay+4 SInv}
  4737 | D:11     | Reached skill level 15 in Polearms
  4737 | D:11     | Reached skill level 3 in Armour
  4737 | D:11     | Reached skill level 1 in Evocations
  4941 | D:11     | Reached XP level 12. HP: 105/108 MP: 13/13
  4948 | D:11     | Found Acoitan's Antique Weapon Emporium.
  5117 | D:11     | Found a staircase to the Orcish Mines.
  5123 | D:11     | Received a gift from Trog
  5221 | D:11     | Reached skill level 4 in Armour
  5251 | Orc:1    | Entered Level 1 of the Orcish Mines
  5251 | Orc:1    | Noticed an orc high priest
  5338 | Orc:1    | Paralysed by an orc sorcerer for 4 turns
  5339 | Orc:1    | Noticed a soul eater
  5344 | Orc:1    | Killed an orc high priest
  5348 | Orc:1    | Reached skill level 5 in Armour
  5418 | D:12     | Noticed a boulder beetle
  5430 | D:12     | Killed a boulder beetle
  5442 | D:12     | Found a runed translucent gate.
  5442 | D:12     | Found a runed translucent gate.
  5444 | D:12     | Found a runed translucent gate.
  5448 | D:12     | Noticed a minotaur
  5448 | D:12     | Noticed innerfire43's ghost (novice DsMo)
  5461 | D:12     | Noticed a skeletal warrior
  5462 | D:12     | Noticed a deep elf pyromancer
  5465 | D:12     | Killed a deep elf pyromancer
  5466 | D:12     | Reached skill level 6 in Armour
  5716 | D:12     | Noticed a two-headed ogre
  5724 | D:12     | Reached skill level 7 in Armour
  5727 | D:12     | Killed a two-headed ogre
  5769 | D:12     | Found a hazy altar of Hepliaklqana.
  5809 | D:12     | Identified the +5 chain mail "Wudun" {Rampage rF+ Int-2}
  5845 | D:12     | Reached skill level 5 in Evocations
  5845 | D:12     | Reached XP level 13. HP: 114/114 MP: 14/14
  5952 | D:13     | Reached skill level 8 in Armour
  6034 | D:13     | Identified the +6 scale mail of Proximity {Harm rF+}
  6103 | D:13     | Noticed a five-headed hydra
  6114 | D:13     | Killed a six-headed hydra
  6167 | D:13     | Noticed a vampire mage
  6174 | D:13     | Killed a vampire mage
  6487 | D:13     | Identified the +9 chain mail of Fun {Drain rF++}
  6601 | D:14     | Reached skill level 9 in Armour
  6627 | D:14     | Identified the +7 glaive of Meteoran's Death {heavy, *Noise
                  | Fly Will+++ Dex-3} (Trog gifted it to you on level 14 of
                  | the Dungeon)
  6627 | D:14     | Received a gift from Trog
  6765 | D:14     | Noticed Nessos
  6766 | D:14     | Noticed Rupert
  6779 | D:14     | Killed Nessos
  6780 | D:14     | Reached skill level 10 in Armour
  6797 | D:14     | Killed Rupert
  6819 | D:14     | a polar bear changed into an entropy weaver
  6819 | D:14     | Noticed an entropy weaver (shapeshifter)
  6829 | D:14     | Killed an entropy weaver
  6835 | D:14     | Reached skill level 11 in Armour
  6875 | D:14     | Found a gate to the Vaults.
  6888 | D:14     | Reached XP level 14. HP: 122/122 MP: 15/15
  7418 | D:15     | Entered Level 15 of the Dungeon
  7504 | D:15     | Reached skill level 12 in Armour
  7539 | D:15     | Identified Roxanne's Tome of Flesh
  7539 | D:15     | Noticed Roxanne
  7730 | D:15     | Received a gift from Trog
  7730 | D:15     | Found the +8 frozen axe "Frostbite" {freeze, freezing
                  | cloud, *Noise Fly rC+}
  7734 | D:15     | Reached skill level 5 in Dodging
  7894 | D:15     | Noticed Agnes
  7902 | D:15     | Killed Agnes
  7921 | D:15     | Paralysed by an orc sorcerer for 5 turns
  7974 | D:15     | Found a staircase to the Depths.
  8274 | Orc:2    | Entered Level 2 of the Orcish Mines
  8274 | Orc:2    | Found Miafuefef's Assorted Antiques.
  8279 | Orc:2    | Bought a scroll of enchant armour for 232 gold pieces
  8279 | Orc:2    | Bought a potion of heal wounds for 155 gold pieces
  8279 | Orc:2    | Bought a pair of brightly glowing boots for 294 gold pieces
  8279 | Orc:2    | Identified the +1 pair of boots of Quantum Leap {rPois
                  | Int-2 Dex+6 Stlth+} (You bought it in a shop on level 2 of
                  | the Orcish Mines)
  8296 | Orc:2    | Noticed an orc warlord
  8314 | Orc:1    | Reached XP level 15. HP: 98/128 MP: 16/16
  8396 | Orc:1    | Killed an orc warlord
  8497 | Orc:2    | Reached ****** piety under Trog
  8530 | Orc:2    | Received a gift from Trog
  8545 | Orc:2    | Found Ysauratz's Distillery.
  8545 | Orc:2    | Found Igufiuso's Antique Armour Emporium.
  8547 | Orc:2    | Found Tutemeso's General Store.
  8549 | Orc:2    | Found Anufogi's Jewellery Shop.
  8556 | Orc:2    | Bought a potion of haste for 130 gold pieces
  8556 | Orc:2    | Bought a potion of cancellation for 104 gold pieces
  8592 | Orc:2    | Bought an embroidered cloak for 210 gold pieces
  8608 | Orc:2    | Bought a potion of curing for 39 gold pieces
  8608 | Orc:2    | Bought a potion of curing for 39 gold pieces
  8835 | Orc:2    | Found a staircase to the Elven Halls.
  9007 | Lair:1   | Entered Level 1 of the Lair of Beasts
  9019 | Lair:1   | Reached skill level 10 in Evocations
  9268 | Lair:1   | Reached skill level 1 in Stealth
  9319 | Lair:1   | Received a gift from Trog
  9659 | Lair:2   | Found a staircase to the Snake Pit.
  9674 | Snake:1  | Entered Level 1 of the Snake Pit
  9700 | Snake:1  | Reached skill level 10 in Dodging
  9872 | Snake:1  | Reached XP level 16. HP: 126/140 MP: 17/17
 10195 | Snake:2  | Received a gift from Trog
 10202 | Snake:2  | Reached skill level 13 in Armour
 10310 | Snake:3  | Found Ovomex's Magic Scroll Shoppe.
 10313 | Snake:3  | Bought a scroll of teleportation for 48 gold pieces
 10313 | Snake:3  | Bought a scroll of silence for 152 gold pieces
 10313 | Snake:3  | Bought a scroll of silence for 152 gold pieces
 10550 | Snake:2  | Noticed Vashnia
 10579 | Snake:2  | Killed Vashnia
 10580 | Snake:2  | Reached skill level 5 in Stealth
 10738 | Snake:4  | Entered Level 4 of the Snake Pit
 10783 | Snake:4  | Noticed Saint Roka
 10795 | Snake:4  | Killed Saint Roka
 10825 | Snake:4  | Reached skill level 14 in Armour
 10864 | Snake:4  | Received a gift from Trog
 10865 | Snake:4  | Reached XP level 17. HP: 149/151 MP: 18/18
 10899 | Snake:4  | Noticed a nagaraja
 10900 | Snake:4  | Found Duwn's General Store.
 10908 | Snake:4  | Killed a nagaraja
 11027 | Snake:4  | Found Rais's Assorted Antiques.
 11029 | Snake:4  | Bought a potion of resistance for 140 gold pieces
 11029 | Snake:4  | Bought a scroll of teleportation for 42 gold pieces
 11035 | Snake:4  | Bought a scroll of teleportation for 72 gold pieces
 11194 | Snake:4  | Noticed Kirke
 11210 | Snake:4  | Killed Kirke
 11725 | Snake:4  | Reached skill level 15 in Armour
 11784 | Snake:4  | Got a serpentine rune of Zot
 12087 | Lair:3   | Gained mutation: You passively map a large area around you.
                  | [Meteoran growth]
 12087 | Lair:3   | Reached XP level 18. HP: 130/162 MP: 19/19
 12125 | Lair:3   | Identified the +4 battleaxe of Awkwardness {heavy, rPois}
                  | (Trog gifted it to you on level 3 of the Lair of Beasts)
 12125 | Lair:3   | Received a gift from Trog
 12126 | Lair:3   | Reached skill level 15 in Fighting
 12426 | Lair:3   | Found a staircase to the Shoals.
 12437 | Shoals:1 | Entered Level 1 of the Shoals
 12437 | Shoals:1 | Noticed a kraken
 12452 | Shoals:1 | Killed a kraken
 12784 | Shoals:2 | Noticed Mlioglotl
 12798 | Shoals:2 | Killed Mlioglotl
 12943 | Shoals:3 | Received a gift from Trog
 12951 | Shoals:3 | Reached skill level 16 in Armour
 13002 | Shoals:3 | Noticed Ilsuiw
 13036 | Shoals:3 | Killed Ilsuiw
 13166 | Shoals:4 | Entered Level 4 of the Shoals
 13166 | Shoals:4 | Noticed Mara
 13182 | Shoals:4 | Noticed Shard1697's illusion
 13244 | Shoals:3 | Noticed Shard1697's illusion
 13249 | Shoals:3 | Killed Mara
 13386 | Shoals:4 | Reached XP level 19. HP: 138/172 MP: 20/20
 13397 | Shoals:4 | Found Upymyqaz's Antique Armour Shop.
 13612 | Shoals:4 | Got a barnacled rune of Zot
 13895 | Shoals:4 | Received a gift from Trog
 14203 | Lair:4   | Found a frozen archway.
 14214 | IceCv    | Entered an ice cave
 14292 | IceCv    | Identified the +0 chain mail of Impermeability {Contam
                  | rPois rF+}
 14527 | IceCv    | Received a gift from Trog
 14600 | Lair:4   | Found a hide-covered altar of Uskayaw.
 14636 | Lair:4   | Found a dark tunnel.
 14656 | Volcano  | Entered a volcano
 14829 | Lair:4   | Reached skill level 17 in Armour
 14914 | Lair:5   | Entered Level 5 of the Lair of Beasts
 15115 | Lair:5   | Reached XP level 20. HP: 164/182 MP: 21/21
 15729 | Orc:2    | Bought an amulet of faith for 480 gold pieces
 15890 | Vaults:1 | Entered Level 1 of the Vaults
 16122 | Vaults:1 | Received a gift from Trog
 16688 | Vaults:2 | Received a gift from Trog
 16750 | Vaults:2 | Reached skill level 15 in Dodging
 16893 | Vaults:4 | Paralysed by a formless jellyfish for 1 turns
 16985 | Vaults:4 | Reached skill level 18 in Armour
 17052 | Vaults:4 | Reached XP level 21. HP: 160/191 MP: 22/22
 17233 | Vaults:4 | Received a gift from Trog
 17420 | Vaults:4 | Identified the amulet of Lempel {Regen+ Str+2}
 17486 | Vaults:5 | Entered Level 5 of the Vaults
 17636 | Vaults:5 | Noticed a golden dragon
 17646 | Vaults:5 | Killed a golden dragon
 17649 | Vaults:5 | Noticed an ancient lich
 17675 | Vaults:5 | Killed an ancient lich
 17720 | Vaults:5 | Received a gift from Trog
 17762 | Vaults:5 | Identified the ring of the Fortune-Teller {Wiz +Blink
                  | rPois}
 17792 | Vaults:5 | Reached skill level 15 in Evocations
 17849 | Vaults:5 | Reached XP level 22. HP: 111/202 MP: 23/23
 17851 | Vaults:5 | Got a silver rune of Zot
 17900 | Vaults:5 | Reached skill level 19 in Armour
 17983 | Vaults:5 | Reached skill level 20 in Armour
 18064 | Vaults:5 | Received a gift from Trog
 18067 | Vaults:5 | Identified the +6 swamp dragon scales "Xumadoblau" {rPois
                  | rC+ Will+}
 18144 | Vaults:5 | Reached skill level 21 in Armour
 18293 | Vaults:5 | Identified the +1 scimitar of Revolt {pain, rF- rCorr
                  | Stlth+}
 18332 | Vaults:5 | Noticed a golden dragon
 18374 | Vaults:5 | Killed a golden dragon
 18375 | Vaults:5 | Reached skill level 22 in Armour
 18419 | Vaults:5 | Received a gift from Trog
 18423 | Vaults:5 | Reached skill level 23 in Armour
 18772 | Vaults:5 | Reached skill level 24 in Armour
 18822 | Vaults:5 | Found the +0 pair of fencer's gloves {Riposte Dex+3}
 18833 | Vaults:5 | Reached XP level 23. HP: 200/209 MP: 24/24
 19025 | Vaults:2 | Glimpsed the power of Zot.
 19085 | Depths:1 | Entered Level 1 of the Depths
 19109 | Depths:1 | Found a gateway to Hell.
 19138 | Depths:1 | Received a gift from Trog
 19454 | Depths:3 | Found a flickering gateway to a bazaar.
 19513 | Depths:3 | Noticed a caustic shrike
 19518 | Depths:3 | Noticed a golden dragon
 19519 | Depths:3 | Noticed a golden dragon
 19520 | Depths:3 | Noticed a juggernaut
 19525 | Depths:3 | Killed a caustic shrike
 19534 | Depths:3 | Killed a golden dragon
 19548 | Depths:3 | Noticed a juggernaut
 19600 | Depths:2 | Found a one-way gate leading to the halls of Pandemonium.
 19720 | Depths:3 | Noticed a golden dragon
 19721 | Depths:3 | Noticed a golden dragon
 19747 | Depths:3 | Killed a golden dragon
 19776 | Depths:2 | Received a gift from Trog
 19904 | Depths:3 | Reached XP level 24. HP: 189/223 MP: 24/24
 19987 | Depths:3 | Killed a juggernaut
 20021 | Depths:3 | Killed a juggernaut
 20158 | Depths:3 | Killed a golden dragon
 20294 | Depths:3 | Found a one-way gate to the infinite horrors of the Abyss.
 20356 | Depths:4 | Entered Level 4 of the Depths
 20449 | Depths:3 | Killed a golden dragon
 20575 | Depths:4 | Received a gift from Trog
 20776 | Depths:4 | Found a one-way gateway to a ziggurat.
 20872 | Depths:4 | Noticed a golden dragon
 20877 | Depths:4 | Killed a golden dragon
 20932 | Depths:4 | Noticed a golden dragon
 20934 | Depths:4 | Found a gate to the Realm of Zot.
 20952 | Depths:4 | Killed a golden dragon
 20996 | Zot:1    | Entered Level 1 of the Realm of Zot
 20996 | Zot:1    | Noticed a golden dragon
 20997 | Zot:1    | Noticed a golden dragon
 21004 | Zot:1    | HP: 5/223 [tentacled monstrosity (17)]
 21004 | Zot:1    | Mangled by a tentacled monstrosity

Illustrated notes

Levels and vault maps discovered:
D:1:      dpeg_arrival_erosion, layout_rooms, serial_rivers,
          chequers_serial_rivers_micro_e, chequers_serial_rivers_micro_c,
          chequers_serial_rivers_marsh, chequers_serial_rivers_room_b,
          st_stairs_5, minivault_11, chequers_decorated_corner
D:2:      minmay_chambers_of_ones, layout_basic, uniq_natasha
D:3:      layout_rooms, marbit_many_paths, mainiacjoe_overflow_boulevard,
          kiku_gazebo_pond_becter, lightli_temple_of_fire, uniq_ijyb,
          uniq_crazy_yiuf_cottage
D:4:      layout_loops_corners, ashenzari_conservatory_becter, uniq_grinder,
          uniq_robin
D:5:      layout_basic, nicolae_uskayaw_dance_hall, overflow_temple_1_default,
          gup_ossuary_entry_pyramid, uniq_edmund, uniq_duvessa,
          uniq_blork_the_orc
D:6:      layout_gridville, good_gods_mini_temple, grunt_temple_overflow_open,
          grunt_ministairs_1, st_stairs_9, hangedman_decor_peaks_small
D:7:      layout_gridville, okawaru_ov_weapons_minmay,
          mainiacjoe_overflow_24_doors, nicolae_wu_jian_immortal_techniques,
          minmay_temple_entry_waves
D:8:      layout_loops_cross, lemuel_blue_sif_altar,
          nicolae_qazlal_beasts_of_the_sky, lair_entry_dummy, uniq_psyche
D:9:      layout_roguey, nicolae_dithmenos_shadow_blocks, serial_corexii_hall,
          chequers_hall_statues_corner_a, corexii_hall_statues_i, uniq_erica
D:10:     layout_basic, regret_index_temple_of_mockery
D:11:     layout_roguey, zombieorc2_lemuel, serial_shops, shop,
          hangedman_glass_teeth
D:12:     layout_basic, maelrawn_ghost_gauntlet_escape,
          nicolae_hepliaklqana_hazy_memory
D:13:     layout_loops_corners, nzn_life_drinkers
D:14:     layout_basic, david_vaults_3, minmay_misc_feat_room,
          serial_corexii_hall, chequers_hall_statues_wall_a,
          corexii_hall_statues_l, corexii_hall_statues_t,
          corexii_hall_statues_t, chequers_hall_statues_wall_a,
          chequers_hall_statues_wall_a
D:15:     grunt_enter_depths_magical_seal, layout_irregular_city, serial_glass,
          glass_columns_c, glass_columns_b, hangedman_aviary, uniq_agnes,
          uniq_roxanne
Lair:1:   layout_misc_corridors, serial_rivers, chequers_serial_rivers_micro_e,
          chequers_serial_rivers_marsh, chequers_serial_rivers_small_a,
          chequers_serial_rivers_marsh
Lair:2:   layout_regular_city, guppyfry_snake_entry_garden, serial_bayou_shore_a
Lair:3:   layout_regular_city, minmay_shoals_entry_beasts, st_stairs_11,
          infiniplex_staircase_pool_2, grunt_megastairs_3
Lair:4:   layout_misc_corridors, enter_volcano_4, portal_ice_cave_entry_imps,
          nzn_masters_of_martial_movement
Lair:5:   evilmike_catoblepas_cave, layout_gridlike, slime_entry_2,
          nicolae_lair_lindhole, uniq_nessos
Shoals:1: layout_shoals, argonaut_gorgonesque
Shoals:2: layout_shoals, uniq_mlioglotl
Shoals:3: layout_shoals, uniq_ilsuiw
Shoals:4: shoals_end_grunt_ice, layout_shoals, shoal_ilsuiw, serial_shops,
          nicolae_shop_advertising_works [nicolae_subvault_shop_adworks],
          uniq_mara
Snake:1:  layout_honeycomb
Snake:2:  layout_cave_pods, uniq_vashnia
Snake:3:  layout_onion_interference, drop_trap, nicolae_stop_n_shop_2
Snake:4:  snake_pit_salamanders_mu, layout_basic, lemuel_fruit_tree,
          minmay_shoptagon, uniq_saint_roka, uniq_kirke
Orc:1:    layout_caves
Orc:2:    st_orc_rangers, layout_caves, serial_shops, shop
Vaults:1: vaults_mumra_minichess, serial_ice_b,
          nicolae_vaults_variable_pillar_hall, vaults_room_boxed,
          ontoclasm_vaults_twist, grunt_vaults_hallway_long, dpeg_vaults_waves,
          vaults_room_semicircle, nicolae_vaults_border_crossing,
          nicolae_vaults_little_squares_2, dpeg_vaults_monster_box,
          layout_vaults_omnibox, uniq_nikola
Vaults:2: nicolae_vaults_little_squares_5, v_misc_25,
          nicolae_vaults_variable_pillar_hall, nicolae_vaults_trapezoid_2,
          minmay_crypt_entry_simple_sparse, vaults_room_hangedman_quadrants,
          nicolae_vaults_hexular_roomagon, grunt_vaults_hallway_short,
          nicolae_vaults_storage_closets_3, layout_vaults_omnigrid
Vaults:3: nicolae_vaults_six-pack, v_pattern_2,
          nicolae_vaults_storage_closets_1, grunt_vaults_twisty,
          nicolae_vaults_big_ls, hangedman_vaults_trim,
          nicolae_vaults_little_squares_6, nicolae_vaults_security_offices_2,
          nicolae_vaults_double_plus_3, layout_vaults_ring
Vaults:4: ontoclasm_vaults_gateway, nicolae_vaults_closet_pinwheel_5,
          vaults_mumra_chevron, hangedman_vaults_slice, hangedman_vaults_snaps,
          v_rooms_3, v_misc_1, vaults_standard_mumra_x,
          nicolae_vaults_antechamber_and_loot_room, layout_vaults_big_room
Vaults:5
Depths:1: hangedman_six_sided_sadism, layout_basic, hell_entry,
          serial_bayou_pond_d, bh_walls_and_bars
Depths:2: minmay_diamond_stairs, layout_long_grid, hellmouth_1,
          rand_demon_pan_entry_1, roderic_lattice_octagonal_star,
          uniq_bai_suzhen
Depths:3: nicolae_fronds_of_death, layout_cross, serial_shops, bzr_entry_road,
          abyss_entry_small_statue_room, hangedman_coc_ice_floe
Depths:4: grunt_zot_entry_hairpin, layout_honeycomb, enter_ziggurat_e,
          elyvilon_altar_3, pan_entry, grunt_mini_vestibule
Zot:1:    layout_concentric_octagons, evilmike_ambush
          [evilmike_ambush_outer_basic, evilmike_ambush_inner_pond], uniq_grunn

Skill      XL: |  1  2  3  4  5  6  7  8  9 10 11 12 13 14 15 16 17 18 19 20 21 22 23 24 |
---------------+-------------------------------------------------------------------------+-----
Axes           | 4 5 6 7 8 9 |  9.2
Fighting       | 4 6 7 9 10 12 13 14 15 16 17 18 19 21 | 21.2
Polearms       | 4 9 12 15 16 18 19 20 21 22 23 | 23.2
Armour         | 3 7 11 12 14 15 16 17 18 24 | 24.3
Evocations     | 1 5 7 9 10 11 12 14 15 17 19 | 19.7
Dodging        | 6 10 11 13 14 15 16 | 16.1
Stealth        | 2 5 |  5.0

Action                     |  1- 3 |  4- 6 |  7- 9 | 10-12 | 13-15 | 16-18 | 19-21 | 22-24 || total
---------------------------+-------+-------+-------+-------+-------+-------+-------+-------++-------
  Melee: Hand axe          |    88 |   156 |   141 |       |       |       |       |       ||   385
         Punch             |     1 |     2 |       |       |       |       |       |       ||     3
         Glaive            |       |       |   102 |   409 |   581 |   756 |  1026 |   900 ||  3774
         War axe           |       |       |     1 |       |       |       |       |       ||     1
         Unarmed           |       |       |    16 |       |       |       |       |       ||    16
         Spear             |       |       |       |       |     5 |       |       |       ||     5
         Bardiche          |       |       |       |       |       |       |     3 |       ||     3
 Invoke: Berserk           |       |     3 |     3 |     5 |     4 |     3 |       |     2 ||    20
         Trog's Hand       |       |       |     1 |       |       |     1 |     3 |     2 ||     7
         Brothers in Arms  |       |       |       |       |     1 |     3 |     5 |     7 ||    16
  Evoke: Wand              |       |       |       |     2 |     5 |    24 |     1 |     7 ||    39
         Lightning rod     |       |       |       |       |       |     4 |     6 |     7 ||    17
    Use: Scroll            |       |     6 |     8 |     8 |     6 |     6 |     4 |     6 ||    44
         Potion            |       |       |     7 |     5 |       |     4 |     1 |     7 ||    24
   Stab: Confused          |       |       |     2 |       |       |       |       |       ||     2
         Distracted        |       |       |       |       |     1 |     2 |     1 |     2 ||     6
         Petrified         |       |       |       |       |       |       |    15 |       ||    15
         Petrifying        |       |       |       |       |       |       |     1 |       ||     1
 Armour: Ring mail         |    36 |    57 |       |       |       |       |       |       ||    93
         Chain mail        |       |     8 |   176 |   117 |   271 |   397 |   475 |   453 ||  1897
         Plate armour      |       |       |       |   144 |       |       |       |       ||   144
  Dodge: Dodged            |    48 |    83 |    99 |   146 |   291 |   456 |   575 |   583 ||  2281
Riposte: Glaive            |       |       |       |       |       |       |       |    67 ||    67

Table legend: (Time is in decaauts)
 A = Elapsed time spent in this place.
 B = Non-inter-level travel time spent in this place.
 C = Inter-level travel time spent in this place.
 D = Time resting spent in this place.
 E = Time spent auto-exploring this place.
 F = Levels seen in this place.
 G = Mean time per level.
                   A        B        C        D        E       F      G
               +--------+--------+--------+--------+--------+-----+--------+
         Total |  20414 |  17698 |   2716 |    415 |    699 |  43 |  474.7 |
       Dungeon |   8371 |   7053 |   1318 |     99 |    551 |  15 |  558.1 |
          Lair |   1956 |   1748 |    208 |      0 |      0 |   5 |  391.2 |
        Shoals |   1714 |   1522 |    192 |     23 |    112 |   4 |  428.5 |
     Snake Pit |   2212 |   1725 |    487 |     51 |      7 |   4 |  553.0 |
  Orcish Mines |    806 |    696 |    110 |      0 |      0 |   2 |  403.0 |
        Vaults |   2921 |   2589 |    332 |    112 |     26 |   5 |  584.2 |
        Depths |   1753 |   1687 |     66 |    114 |      0 |   4 |  438.2 |
           Zot |      9 |      9 |      0 |      0 |      0 |   1 |    9.0 |
       Ossuary |    210 |    210 |      0 |     14 |      1 |   1 |  210.0 |
      Ice Cave |    352 |    352 |      0 |      0 |      1 |   1 |  352.0 |
       Volcano |    105 |    105 |      0 |      0 |      0 |   1 |  105.0 |
               +--------+--------+--------+--------+--------+-----+--------+

Top non-repeatable levels by time:
Vaults:5: 1169 daAuts
 Snake:4: 1141 daAuts
    D:14: 927 daAuts
    D:11: 782 daAuts
Shoals:4: 771 daAuts
    D:15: 731 daAuts
Depths:3: 715 daAuts
Vaults:4: 688 daAuts
    D:13: 621 daAuts
     D:8: 609 daAuts
  Lair:5: 581 daAuts
Vaults:2: 575 daAuts
    D:12: 569 daAuts
     D:7: 566 daAuts
     D:9: 549 daAuts
